 Dungeon Crawl Stone Soup version 0.21-a0-401-g0b6bec4 (webtiles) character file.

48 Ijustatesigmund the Ducker (level 3, 0/27 HPs)
             Began as a Spriggan Warper on Oct 25, 2017.
             Succumbed to an adder's poison
             ... on level 2 of the Dungeon.
             The game lasted 00:02:45 (1519 turns).

Ijustatesigmund the Ducker (Spriggan Warper)        Turns: 1519, Time: 00:02:46

Health: 0/27       AC: 25    Str:  7    XL:     3   Next: 50%
Magic:  8/8        EV:  4    Int: 15    God:
Gold:   74         SH:  0    Dex: 15    Spells: 7/7 levels left

rFire    . . .     SeeInvis +   a - +0 short sword
rCold    . . .     Gourm    .   (shield restricted)
rNeg     + + +     Faith    .   (armour currently unavailable)
rPois    +         Spirit   .   (helmet currently unavailable)
rElec    .         Reflect  .   (cloak currently unavailable)
rCorr    .         Harm     .   (gloves unavailable)
MR       .....     NoTele   +   (boots unavailable)
Stlth    ++........             (no amulet)
HPRegen  0.09/turn              k - +4 ring of protection
MPRegen  0.11/turn              (no ring)

@: lethally poisoned (0 -> -3), tree-form
A: unfitting armour, see invisible, herbivore 3, slow metabolism 2
a: no special abilities


You were on level 2 of the Dungeon.
You were not hungry.
You were a tree.
You visited 1 branch of the dungeon, and saw 2 of its levels.

You collected 74 gold pieces.

Inventory:

Hand Weapons
 a - a +0 short sword (weapon)
Missiles
 e - 5 tomahawks of dispersal (quivered)
 n - 5 tomahawks
Armour
 b - a +1 robe (melded)
Jewellery
 k - a +4 ring of protection (left branch)
Scrolls
 d - 2 scrolls of blinking
 o - a scroll of random uselessness {unknown}
Potions
 g - a potion of mutation {unknown}
 h - a potion of brilliance {unknown}
 i - a potion of lignification
 j - a potion of ambrosia {unknown}
 l - 2 potions of curing {unknown}
 m - a potion of haste {unknown}
Books
 c - a book of Spatial Translocations

   Spells                             Type                      Level
   a - Blink                          Translocation                2
   b - Shroud of Golubria             Charms/Translocation         2
   c - Lesser Beckoning               Translocation                3
   d - Gell's Gravitas                Translocation                3
   e - Teleport Other                 Translocation                3
   f - Passage of Golubria            Translocation                4
Comestibles
 f - a bread ration


   Skills:
 + Level 1.7 Fighting
 + Level 3.3 Short Blades
 - Level 1.0 Throwing
 - Level 4.7 Dodging
 + Level 0.9 Stealth
 - Level 2.6 Spellcasting
   Level 4.4 Translocations


You had 7 spell levels left.
You didn't know any spells.

Dungeon Overview and Level Annotations

Branches:
Dungeon (2/15)

Altars:


Innate Abilities, Weirdness & Mutations

You are very small and have problems with some larger weapons.
You are too small for most types of armour.
You have supernaturally acute eyesight. (SInv)
You are a herbivore.
((You cover ground extremely quickly.))
You need consume almost no food.


Message History

You closely miss the adder.
The adder is heavily wounded.
The orc shouts!
The kobold shouts!
The adder closely misses you.
You hit the adder.
The adder is almost dead.
You feel sick. The adder closely misses you.
You barely miss the adder.
The adder is almost dead.
The adder completely misses you.
The orc priest invokes the aid of Beogh against you.
Beogh smites you!
Ouch! That really hurt!
* * * LOW HITPOINT WARNING * * *
The adder closely misses you.
* * * LOW HITPOINT WARNING * * *
You feel sick.
It was a potion of lignification.
You turn into a tree.
Your +1 robe melds into your body.
Your roots penetrate the ground.
You die...

. #.#..# #.# . .##..#.# #..
.. ......#### ##### ...
#....#.. ....####
...##....#.#########(...#
.........#.#.......#....###
#$..S..................
.##.##..###.#.#<..#.#....##.
......o.# #♣#.###+#.#>...##.
..(...#.# #.#.......#....##.
.....##.# #.#....†..#....##.
..... #o# #.........#....##.
.... #.# ###......##.#####.
... #K# #......##.# #. ...
#.# #########. ## .o. # #


There were no monsters in sight!

Vanquished Creatures
  An adder (D:2)
  An ooze (D:1)
  A leopard gecko (D:1)
  A giant cockroach (D:1)
  5 goblins
  4 hobgoblins
  4 jackals
  3 kobolds (D:1)
  4 bats (D:1)
  5 frilled lizards
  2 rats (D:1)
31 creatures vanquished.

Notes
Turn   | Place    | Note
-------+----------+-------------------------------------------
     0 | D:1      | Ijustatesigmund the Spriggan Warper began the quest for the Orb.
     0 | D:1      | Reached XP level 1. HP: 10/10 MP: 5/5
   184 | D:1      | Reached XP level 2. HP: 14/14 MP: 6/6
   817 | D:1      | Reached XP level 3. HP: 16/18 MP: 8/8
  1519 | D:2      | Succumbed to an adder's poison

Vault maps used:
D:1:      erik_arrival_cave_to_civilisation
D:2:      old_standard_altar, hangedman_abyss_or_decor_lesser_grid

Skill      XL: |  1  2 |
---------------+-------+-----
Dodging        | 4 |  4.7
Short Blades   | 3 |  3.3
Fighting       | |  1.7
Throwing       | |  1.0
Stealth        | |  0.9
Spellcasting   | |  2.6
Translocations | |  4.4

Action                   || total
-------------------------++-------
Melee: Short sword       ||   151
  Use: Scroll            ||     1
       Potion            ||     1
 Stab: Sleeping          ||     1
Armor: Robe              ||    23
Dodge: Dodged            ||   163

Table legend:
 A = Spawn XP
 B = Non-spawn XP
 C = Spawn XP percentage of total XP
 D = Spawn monster count
 E = Non-spawn monster count
 F = Spawn count percentage of total count
 G = Total turns spent on level
                    A         B        C        D         E        F      G
               +---------+---------+-------+---------+---------+-------+---------
         Total |       0 |      69 |   0.0 |       0 |      31 |   0.0 |  1519
               +---------+---------+-------+---------+---------+-------+---------
           D:1 |       0 |      44 |   0.0 |       0 |      24 |   0.0 |   909
           D:2 |       0 |      25 |   0.0 |       0 |       7 |   0.0 |   610
               +---------+---------+-------+---------+---------+-------+---------
